 Dungeon Crawl Stone Soup version 0.30-a0-808-g6e0788376e (webtiles) character file.

Game seed: 1923495812535734575

149247 cheesebisquit the Executioner (level 16, -1/228 HPs)
             Began as a Minotaur Berserker on Feb 26, 2023.
             Was an Elder of Trog.
             Shot with a bolt by a naga sharpshooter (10 damage)
             ... on level 2 of the Snake Pit.
             The game lasted 01:52:13 (30262 turns).

cheesebisquit the Executioner (Minotaur Berserker) Turns: 30262, Time: 01:52:14

Health: -1/228     AC: 32    Str: 35    XL:     16   Next: 96%
Magic:  15/15      EV:  6    Int:  4    God:    Trog [****..]
Gold:   478        SH: 27    Dex: 11    Spells: 15/15 levels left

rFire   . . .      SeeInvis +    a - +1 broad axe (elec)
rCold   + . .      Faith    .    o - +2 tower shield
rNeg    . . .      Spirit   .    Y - +1 crystal plate armour {rC+}
rPois   .          Reflect  +    n - +1 hat
rElec   .          Harm     .    O - +1 cloak
rCorr   .          Rampage  .    u - +1 pair of gloves
Will    +++..                    m - +0 pair of boots {Fly} Stlth
                                 c - amulet of reflection
HPRegen 1.58/turn                j - +6 ring of strength
MPRegen 0.14/turn                U - ring of see invisible

@: berserking (expiring), lethally poisoned (-1 -> -15), marked, strong-willed
(expiring), flying, regenerating (expiring), slowed, studying Fighting
A: horns 2, retaliatory headbutt
a: Renounce Religion, Berserk, Trog's Hand, Brothers in Arms


You were on level 2 of the Snake Pit.
You worshipped Trog.
Trog was greatly pleased with you.
You visited 5 branches of the dungeon, and saw 25 of its levels.
You also visited: Bailey and Ice Cave.

You collected 3062 gold pieces.
You spent 2584 gold pieces at shops.

Inventory:

Hand Weapons
 a - a +1 broad axe of electrocution (weapon)
 x - a +1 heavy broad axe
 T - the +4 sling of Gozag's Reproof {heavy, rPois rF+ rC+ Str+2}
   (You took it off a skeletal warrior on level 10 of the Dungeon)

   Str:       It affects your strength (+2).
   rF:        It protects you from fire.
   rC:        It protects you from cold.
   rPois:     It protects you from poison.
 Z - a +3 antimagic war axe
Missiles
 e - 137 stones
 f - 5 atropa-tipped darts
 g - 70 poisoned darts
 s - 8 silver javelins (quivered)
 y - 2 throwing nets
 L - 7 boomerangs
Armour
 b - a +4 ring mail of poison resistance
 m - a +0 pair of boots of flying (worn)
 n - a +1 hat (worn)
 o - a +2 tower shield (worn)
 u - a +1 pair of gloves (worn)
 O - a +1 cloak (worn)
 R - the +3 ring mail "Gegyigh" {Drain rElec Int+5 SInv}
   (You found it on level 9 of the Dungeon)

   Int:       It affects your intelligence (+5).
   rElec:     It insulates you from electricity.
   SInv:      It lets you see invisible.
   Drain:     It drains your maximum health when unequipped.
 Y - a +1 crystal plate armour of cold resistance (worn)
Jewellery
 c - an amulet of reflection (around neck)
 j - a +6 ring of strength (left hand)
 U - a ring of see invisible (right hand)
Wands
 A - a wand of iceblast (26)
 B - a wand of mindburst (15)
 F - a wand of polymorph (9)
 K - a wand of flame (54)
 M - a wand of digging (8)
 N - a wand of paralysis (33)
Scrolls
 i - 4 scrolls of vulnerability
 v - 3 scrolls of butterflies
 w - 6 scrolls of blinking
 z - 9 scrolls of fog
 C - 3 scrolls of poison
 D - a scroll of immolation
 H - 6 scrolls of teleportation
 P - 4 scrolls of silence
 W - 2 scrolls of fear
 X - a scroll of magic mapping
Potions
 d - 6 potions of invisibility
 h - 8 potions of lignification
 k - 15 potions of curing
 l - 5 potions of cancellation
 p - 2 potions of mutation
 q - 5 potions of heal wounds
 r - 7 potions of haste
 t - 3 potions of ambrosia
 E - 8 potions of might
 J - a potion of resistance
 Q - a potion of flight
Miscellaneous
 G - a phantom mirror
 I - a box of beasts
 S - a phial of floods


   Skills:
 + Level 16.3 Fighting
 - Level 22.7 Axes
 + Level 10.9 Throwing
 - Level 15.2 Armour
 - Level 2.1 Dodging
 - Level 19.0 Shields


You had 15 spell levels left.
You didn't know any spells.
Your spell library was empty.

Dungeon Overview and Level Annotations

Branches:
Dungeon (15/15)            Temple (1/1) D:5            Lair (5/5) D:8
 Shoals (0/4) Lair:2        Snake (2/4) Lair:3        Slime (0/5) Lair:5
    Orc (2/2) D:11            Elf (0/3) Orc:2        Vaults (0/5) D:13
 Depths (0/4) D:15         Bailey (visited)           IceCv (visited)

Altars:
Ashenzari
Cheibriados
Dithmenos
Elyvilon
Fedhas
Gozag
Hepliaklqana
Kikubaaqudgha
Makhleb
Nemelex Xobeh
Okawaru
Qazlal
Ru
Sif Muna
Trog
Uskayaw
Vehumet
Wu Jian
Xom
Yredelemnul
Zin
The Shining One
Lugonu

Shops:
D:6 (   Orc:1 [   Orc:2 (=[!   Snake:1 :([

Portals:
Abyss: Lair:3

Annotations:
D:12 4 runed translucent doors
Lair:3 2 transporters, Esekla's ghost, journeyman OpVM


Innate Abilities, Weirdness & Mutations

You have a pair of horns on your head.
You reflexively headbutt those who attack you in melee.


Message History

You kill the shock serpent!
Trog accepts your kill.
You barely miss the naga sharpshooter. You closely miss the naga sharpshooter.
The air sparks with electricity, shocking you!
You feel sick.
The naga sharpshooter casts a spell.
The naga sharpshooter magically shoots an arrow.
You reflect the arrow off an invisible shield around you!
The naga sharpshooter unwields a +0 arbalest.
The naga sharpshooter wields a +0 trident.
You block the naga sharpshooter's attack. x2
You cut the naga sharpshooter into ribbons!!!
You kill the naga sharpshooter!
Trog accepts your kill.
Trog appreciates your killing of a magic user.
You barely miss the naga sharpshooter. You block the salamander's attack.
The naga sharpshooter spits poison at you.
The splash of poison reflects off an invisible shield around you!
The splash of poison hits the naga sharpshooter.
A black mamba comes into view.
The naga sharpshooter spits poison at you.
The splash of poison hits you.
You are more poisoned.
You have difficulty breathing.
* * * LOW HITPOINT WARNING * * *
You feel yourself slow down.
* * * LOW HITPOINT WARNING * * *
You barely miss the naga sharpshooter. You headbutt the naga sharpshooter!!
The naga sharpshooter is heavily wounded.
You feel the effects of Trog's Hand fading.
You feel very sick.
The naga mage points at you and mumbles some strange words.
The bolt of poison hits you!
You are more poisoned.
* * * LOW HITPOINT WARNING * * *
You block the salamander's attack.
The naga sharpshooter gestures wildly while chanting.
The naga sharpshooter magically shoots a bolt.
The bolt hits you!
You die...

#.......).....#
#...........##
#...........#
####...........#
......N......###
..........####
......NN.## .
......N††# ##..
.....N†@)#####....#
......N†.##......##
.........†..†$....#
.........†.........
.........##########
.........#
.......S.#
........## .......


You could see 3 naga sharpshooters, a salamander, a black mamba, a naga mage
(fast) and a naga.

Vanquished Creatures
  Rupert (D:14)
  Snorg (Orc:2)
  2 blizzard demons (IceCv)
  2 fire dragons
  An ice dragon (D:15)
  4 vault guards (D:13)
  11 hydras
  7 centaur warriors
  A catoblepas (D:13)
  3 caustic shrike simulacra (IceCv)
  6 boulder beetles
  4 ogre magi
  Erica (D:8)
  3 anacondas (Snake:1)
  6 naga warriors (Snake:1)
  10 death yaks
  8 two-headed ogres
  A tengu warrior (D:12)
  A naga sharpshooter (Snake:2)
  2 shock serpents (Snake:2)
  3 skysharks
  A salamander mystic (Snake:2)
  A skeletal warrior (D:10)
  2 wizards (D:13)
  Pikel (D:6)
  5 spriggan simulacra (IceCv)
  An obsidian statue (IceCv)
  2 naga ritualists (Snake:1)
  A bog body (IceCv)
  A deep elf pyromancer (D:8)
  A lindwurm (Lair:5)
  3 orc knights
  A wolf spider (Lair:5)
  10 orc sorcerers
  2 mana vipers
  11 cyclopes
  4 manticores
  8 ugly things
  24 elephants
  3 salamanders
  Maurice (D:8)
  28 black mambas
  5 torpor snails (Lair:5)
  2 naga magi (Snake:1)
  2 guardian serpents
  13 cane toads
  4 gargoyles
  A rime drake (Lair:3)
  2 unseen horrors
  A freezing wraith (D:14)
  A kobold demonologist (D:13)
  2 yaktaurs (D:13)
  9 komodo dragons
  5 anaconda simulacra (IceCv)
  A tengu conjurer (D:15)
  Maggie (D:6)
  An efreet (D:8)
  7 ice devils (IceCv)
  4 tyrant leeches (Lair:5)
  A polar bear (Lair:4)
  11 trolls
  14 blink frogs
  9 hornets
  Grinder (D:5)
  13 slime creatures
  18 dream sheep (Lair:5)
  2 water elementals (D:14)
  2 shadows
  4 vampires
  5 wraiths
  22 wyverns
  2 dire elephant simulacra (IceCv)
  7 basilisks
  44 yaks
  11 minotaur simulacra (IceCv)
  2 redbacks (Lair:5)
  5 steam dragons
  27 vampire mosquitoes
  Menkaure (D:5)
  9 wargs
  13 nagas
  A hydra simulacrum (IceCv)
  3 acid dragons
  20 water moccasins
  Edmund (D:6)
  Duvessa (D:6)
  2 hell hounds (Lair:4)
  12 orc warriors
  A sky beast (D:7)
  8 ogres
  An alligator simulacrum (IceCv)
  6 wolves (Lair:3)
  An ettin simulacrum (IceCv)
  10 centaurs
  2 lemures (D:6)
  7 kobold brigands
  Blork the orc (D:5)
  3 gnoll sergeants
  4 necrophages
  A scorpion (D:5)
  7 bullfrogs
  9 deep troll simulacra (IceCv)
  4 wights (D:10)
  Dowan (D:6)
  A lindwurm simulacrum (IceCv)
  7 killer bees
  8 vampire bats
  An electric eel (Lair:2)
  7 wolf zombies (Bailey)
  8 howler monkeys
  4 hounds
  8 jellies
  14 orc priests
  A gnoll bouda (Orc:2)
  2 iguanas
  35 orc wizards
  9 adders
  12 gnolls
  2 shadow imps
  3 white imps
  3 worms
  3 dart slugs
  51 orcs
  5 ball pythons
  4 bats
  A bat skeleton (D:7)
  4 bat zombies (D:7)
  13 endoplasms
  3 giant cockroaches
  12 goblins
  3 hobgoblins
  6 jackals
  4 quokkas
  4 frilled lizards
  33 kobolds
  16 orc zombies (Bailey)
  4 rats
  A bush (Lair:4)
871 creatures vanquished.

Vanquished Creatures (collateral kills)
  A black mamba (Snake:2)
1 creature vanquished.

Vanquished Creatures (others)
  An orc wizard (Orc:2)
  An orc (Orc:2)
  40 fungi
  85 plants
127 creatures vanquished.

Grand Total: 999 creatures vanquished

Notes
Turn   | Place    | Note
-------+----------+-------------------------------------------
     0 | D:1      | cheesebisquit the Minotaur Berserker began the quest for
                  | the Orb.
     0 | D:1      | Reached XP level 1. HP: 19/19 MP: 0/0
   106 | D:1      | Reached skill level 4 in Axes
   160 | D:1      | Reached XP level 2. HP: 26/26 MP: 1/1
   708 | D:2      | Reached skill level 5 in Axes
   714 | D:2      | Reached XP level 3. HP: 23/31 MP: 2/2
   811 | D:2      | Reached ** piety under Trog
  1344 | D:3      | Reached skill level 6 in Axes
  1344 | D:3      | Reached XP level 4. HP: 23/39 MP: 3/3
  1436 | D:3      | Reached skill level 7 in Axes
  1436 | D:3      | Reached XP level 5. HP: 45/45 MP: 4/4
  1895 | D:3      | Found a snail-covered altar of Cheibriados.
  2058 | D:4      | Reached skill level 8 in Axes
  2058 | D:4      | Reached XP level 6. HP: 46/51 MP: 5/5
  2327 | D:4      | Found a sparkling altar of Nemelex Xobeh.
  2483 | D:4      | Reached skill level 9 in Axes
  2790 | D:4      | Found an iron altar of Okawaru.
  2970 | D:4      | Reached XP level 7. HP: 22/55 MP: 6/6
  3084 | D:5      | Entered Level 5 of the Dungeon
  3093 | D:5      | Reached skill level 10 in Axes
  3287 | D:5      | Reached skill level 11 in Axes
  3437 | D:5      | Reached XP level 8. HP: 64/64 MP: 7/7
  3479 | D:5      | Noticed Grinder
  3488 | D:5      | Killed Grinder
  3489 | D:5      | Reached skill level 12 in Axes
  3518 | D:5      | Noticed Blork the orc
  3525 | D:5      | Killed Blork the orc
  3707 | D:5      | Found a staircase to the Ecumenical Temple.
  3796 | D:5      | Noticed Menkaure
  3803 | D:5      | Killed Menkaure
  3864 | D:5      | Reached skill level 13 in Axes
  4067 | D:6      | Found Vuczisi's Antique Weapon Boutique.
  4078 | D:6      | Noticed Edmund
  4092 | D:6      | Killed Edmund
  4156 | D:6      | Noticed Maggie
  4166 | D:6      | Killed Maggie
  4167 | D:6      | Reached skill level 14 in Axes
  4167 | D:6      | Reached XP level 9. HP: 70/70 MP: 8/8
  4173 | D:6      | Noticed Pikel
  4187 | D:6      | Killed Pikel
  4188 | D:6      | Reached skill level 15 in Axes
  4240 | D:6      | Noticed Duvessa
  4240 | D:6      | Noticed Dowan
  4247 | D:6      | Killed Duvessa
  4249 | D:6      | Killed Dowan
  4765 | D:7      | Reached skill level 16 in Axes
  5063 | D:7      | Found an ancient bone altar of Kikubaaqudgha.
  5191 | D:7      | Reached skill level 5 in Fighting
  5315 | D:8      | Noticed Erica
  5326 | D:8      | Killed Erica
  5327 | D:8      | Reached skill level 5 in Armour
  5327 | D:8      | Reached XP level 10. HP: 83/83 MP: 9/9
  5413 | D:8      | Noticed Maurice
  5425 | D:8      | Killed Maurice
  5666 | D:8      | Found a staircase to the Lair.
  5819 | D:8      | Noticed a cyclops
  5836 | D:8      | Reached *** piety under Trog
  5859 | D:8      | Reached skill level 5 in Shields
  5882 | D:8      | Killed a cyclops
  5889 | D:8      | Noticed a deep elf pyromancer
  5896 | D:8      | Killed a deep elf pyromancer
  5993 | D:8      | Reached XP level 11. HP: 95/95 MP: 10/10
  6012 | D:8      | Noticed a two-headed ogre
  6022 | D:8      | Killed a two-headed ogre
  6356 | D:9      | Found a shadowy altar of Dithmenos.
  6624 | D:9      | Noticed a two-headed ogre
  6633 | D:9      | Killed a two-headed ogre
  6828 | D:9      | Identified the +3 ring mail "Gegyigh" {Drain rElec Int+5
                  | SInv}
  7170 | D:10     | Entered Level 10 of the Dungeon
  7184 | D:10     | Identified a scroll of acquirement
  7184 | D:10     | Acquired a manual of Axes
  7197 | D:10     | Noticed a boulder beetle
  7247 | D:10     | Found a flagged portal.
  7266 | Bailey   | Entered a bailey
  7345 | Bailey   | Reached **** piety under Trog
  7348 | Bailey   | Reached skill level 10 in Fighting
  7775 | D:10     | Noticed a two-headed ogre
  7782 | D:10     | Killed a two-headed ogre
  7783 | D:10     | Reached skill level 1 in Throwing
  7808 | D:10     | Identified the +4 sling of Gozag's Reproof {heavy, rPois
                  | rF+ rC+ Str+2}
  7808 | D:10     | Noticed a skeletal warrior
  8253 | D:10     | Killed a skeletal warrior
  8254 | D:10     | Reached skill level 17 in Axes
  8256 | D:10     | Reached skill level 10 in Armour
  8297 | D:10     | Killed a boulder beetle
  8298 | D:10     | Reached XP level 12. HP: 107/107 MP: 11/11
  8945 | D:11     | Found a sacrificial altar of Ru.
  9221 | D:11     | Found a staircase to the Orcish Mines.
  9583 | D:12     | Reached skill level 18 in Axes
  9960 | D:12     | Reached skill level 19 in Axes
  9968 | D:12     | Found a large runed translucent door.
  9968 | D:12     | Found a large runed translucent door.
  9972 | D:12     | Noticed a death knight
  9972 | D:12     | Noticed a boulder beetle
 10021 | D:12     | Found a large runed translucent door.
 10021 | D:12     | Found a large runed translucent door.
 10021 | D:12     | Noticed a two-headed ogre
 10031 | D:12     | Killed a two-headed ogre
 10032 | D:12     | Reached skill level 10 in Shields
 10071 | D:12     | Noticed a two-headed ogre
 10078 | D:12     | Killed a two-headed ogre
 10312 | D:12     | Found a large runed translucent door.
 10313 | D:12     | Found a large runed translucent door.
 10316 | D:12     | Found a large runed translucent door.
 10316 | D:12     | Found a large runed translucent door.
 10470 | D:12     | Noticed a tengu warrior
 10482 | D:12     | Killed a tengu warrior
 11092 | D:11     | Found a sacrificial altar of Ru.
 11188 | D:11     | Found a staircase to the Orcish Mines.
 12890 | D:9      | Found a shadowy altar of Dithmenos.
 13646 | D:8      | Found a staircase to the Lair.
 14150 | D:7      | Found an ancient bone altar of Kikubaaqudgha.
 14431 | D:6      | Found Vuczisi's Antique Weapon Boutique.
 14851 | Temple   | Entered the Ecumenical Temple
 15958 | D:4      | Found a sparkling altar of Nemelex Xobeh.
 16163 | D:4      | Found an iron altar of Okawaru.
 17982 | Lair:1   | Entered Level 1 of the Lair of Beasts
 18278 | Lair:1   | Reached XP level 13. HP: 116/116 MP: 12/12
 18363 | Lair:1   | Identified the +9 rapier of Thoughtfulness {freeze, rPois
                  | Dex+3 Stlth+}
 18515 | Lair:1   | Reached skill level 5 in Throwing
 18880 | Lair:2   | Reached skill level 20 in Axes
 19007 | Lair:2   | Found a staircase to the Shoals.
 19679 | Lair:3   | Found a staircase to the Snake Pit.
 19783 | Lair:3   | Found a stormy altar of Qazlal.
 20006 | Lair:3   | Identified the +1 chain mail "Aqan" {+Inv rPois}
 20112 | Lair:3   | Noticed a cacodemon
 20142 | Lair:3   | Found a transporter.
 20154 | Lair:3   | Noticed Esekla's ghost (journeyman OpVM)
 20163 | Lair:3   | Found a transporter.
 20165 | Lair:3   | Found a one-way gate to the infinite horrors of the Abyss.
 20898 | Lair:4   | Reached skill level 21 in Axes
 20898 | Lair:4   | Reached XP level 14. HP: 115/127 MP: 13/13
 20952 | Lair:4   | You fall into a shaft and drop 1 floor!
 20952 | Lair:5   | Entered Level 5 of the Lair of Beasts
 21137 | Lair:5   | Found a staircase to the Slime Pits.
 21218 | Lair:5   | Reached ***** piety under Trog
 21979 | Lair:5   | Reached skill level 10 in Throwing
 21995 | Lair:5   | Reached skill level 22 in Axes
 22452 | Lair:5   | Reached XP level 15. HP: 133/137 MP: 14/14
 22597 | Lair:5   | Found a runed translucent door.
 22689 | Lair:5   | Received a gift from Trog
 23497 | Orc:1    | Entered Level 1 of the Orcish Mines
 23531 | Orc:1    | Found Lowoenk's Armour Shop.
 23878 | Orc:2    | Entered Level 2 of the Orcish Mines
 23900 | Orc:2    | Noticed Snorg
 23914 | Orc:2    | Killed Snorg
 24006 | Orc:2    | Found a staircase to the Elven Halls.
 24124 | Orc:2    | Found Raxon's Distillery.
 24165 | Orc:2    | Bought a potion of curing for 45 gold pieces
 24165 | Orc:2    | Bought a potion of haste for 150 gold pieces
 24165 | Orc:2    | Bought a potion of curing for 45 gold pieces
 24165 | Orc:2    | Bought a potion of curing for 45 gold pieces
 24165 | Orc:2    | Bought a potion of invisibility for 120 gold pieces
 24165 | Orc:2    | Bought a potion of might for 60 gold pieces
 24178 | Orc:2    | Found a radiant altar of Vehumet.
 24185 | Orc:2    | Paralysed by an orc sorcerer for 3 turns
 24200 | Orc:2    | Found Qobleasu's Jewellery Emporium.
 24208 | Orc:2    | Bought a ring of see invisible for 210 gold pieces
 24212 | Orc:2    | Found an ancient bone altar of Kikubaaqudgha.
 24257 | Orc:2    | Found Muczucig's Antique Armour Emporium.
 24305 | Orc:2    | Found Inelin's Antique Weapon Shoppe.
 24316 | Orc:2    | Bought a runed broad axe for 189 gold pieces
 24796 | Orc:2    | Bought a pair of glowing gloves for 225 gold pieces
 24847 | Orc:1    | Bought a +1 plate armour of cold resistance for 455 gold
                  | pieces
 25147 | D:13     | Reached skill level 15 in Shields
 25751 | D:13     | Found a gate to the Vaults.
 26500 | D:14     | Reached XP level 16. HP: 145/146 MP: 15/15
 26658 | D:14     | Noticed Rupert
 26658 | D:14     | Paralysed by Rupert for 5 turns
 26669 | D:14     | Killed Rupert
 26934 | D:15     | Entered Level 15 of the Dungeon
 26957 | D:15     | Found a corrupted altar of Lugonu.
 27587 | D:15     | Found a staircase to the Depths.
 27984 | Snake:1  | Entered Level 1 of the Snake Pit
 27984 | Snake:1  | Found Urghucua's Self-Improvement Boutique.
 28009 | Snake:1  | Found a frozen archway.
 28326 | IceCv    | Entered an ice cave
 28370 | IceCv    | Reached skill level 15 in Fighting
 29009 | IceCv    | Reached skill level 15 in Armour
 29200 | IceCv    | Identified the +4 double sword "Pagokof" {flame, Dex+3}
 29406 | Snake:1  | Found Nyux's Antique Armour Emporium.
 29484 | Snake:1  | Found Otigoef's Weapon Shoppe.
 29888 | Snake:1  | Bought a manual of Fighting for 1040 gold pieces
 30262 | Snake:2  | HP: 9/228 [naga mage/bolt of poison (16)]
 30262 | Snake:2  | Shot with a bolt by a naga sharpshooter

Illustrated notes

Levels and vault maps discovered:
D:1:      pf_arrival_petrified_forest, layout_rooms, serial_corexii_hall,
          chequers_hall_statues_corner_a, chequers_hall_statues_corner_a,
          corexii_hall_statues_t, chequers_hall_statues_y,
          corexii_hall_statues_l, corexii_hall_statues_i,
          grunt_decor_mini_mirrors
D:2:      layout_loops_ring
D:3:      layout_basic, general_overflow_altar, minmay_randomly_rotated_circles
D:4:      layout_gridville, mainiacjoe_overflow_alcove_4,
          nemelex_dance_club_becter
D:5:      minmay_bubble_buster, layout_loops_ring, minmay_temple_entry_mist,
          uniq_blork_the_orc, uniq_menkaure, uniq_grinder
D:6:      layout_rooms, serial_shops, shop, uniq_duvessa, uniq_pikel,
          uniq_maggie, uniq_edmund
D:7:      layout_loops_ring, kennysheep_vampire_church
D:8:      kennysheep_windowed_halls, layout_cave_pools, erik_lair_dragon,
          uniq_erica, uniq_maurice
D:9:      layout_loops_ring, grunt_dithmenos_smoke_and_mirrors
D:10:     layout_layer_cave, enter_bailey_5, minmay_mirror_moons_of_madness
D:11:     layout_long_grid, minmay_orc_entry_guard_dogs, nicolae_ru_awakened_eye
D:12:     kennysheep_big_flooded_room, layout_irregular_city,
          minmay_hollow_rounded_squares
D:13:     layout_grid_maze, grunt_vaults_entry_fortified, minmay_orc_keep
D:14:     layout_stronghold, serial_bayou_pond_b, uniq_rupert
D:15:     grunt_enter_depths_hoard, layout_basic,
          hangedman_abyss_or_decor_slice, hangedman_glass_teeth,
          minmay_misc_feat_pillars, tgw_lugonu_bribe
Temple:   minmay_crystal_spiral_temple
Lair:1:   layout_cave_pods, serial_bayou_shore_b
Lair:2:   layout_chaotic_city, shoals_dummy_entry, fungi_pond_lemuel,
          st_stairs_8, grunt_forest_small_clearing_treed, grunt_megastairs_5
Lair:3:   layout_loops_ring, guppyfry_snake_entry_garden, basic_altar,
          gammafunk_ghost_abyssal_escape
Lair:4:   beast_lair_carwin_large_1, layout_regular_city, enter_volcano_3
Lair:5:   hangedman_lair_tendril_chambers, layout_regular_city, wormcave,
          nicolae_slime_entry_field_trip
Snake:1:  layout_misc_corridors, portal_ice_cave_entry_pillars_three,
          nicolae_shop_self_help, minmay_shoptagon
Snake:2:  layout_layer_cave, serial_shops, shop, guppyfry_library_mini
Orc:1:    layout_caves, serial_shops, shop_statue
Orc:2:    kennysheep_orc_mage_school, layout_caves, basic_altar,
          nicolae_orc_stony_grotto, library_closet, uniq_snorg

Skill      XL: |  1  2  3  4  5  6  7  8  9 10 11 12 13 14 15 16 |
---------------+-------------------------------------------------+-----
Axes           | 4 5 6 7 8 9 11 14 16 17 19 21 22 | 22.7
Fighting       | 6 8 10 11 12 13 14 16 | 16.3
Armour         | 5 8 10 11 12 13 14 15 | 15.2
Shields        | 2 6 8 10 11 12 17 19 | 19.0
Throwing       | 2 4 8 10 | 10.9
Dodging        | |  2.1

Action                     |  1- 3 |  4- 6 |  7- 9 | 10-12 | 13-15 | 16-18 || total
---------------------------+-------+-------+-------+-------+-------+-------++-------
  Melee: Hand axe          |    65 |    17 |       |       |       |       ||    82
         Punch             |     1 |     1 |     2 |       |       |       ||     4
         Headbutt          |     4 |    13 |    24 |    95 |   212 |    58 ||   406
         War axe           |       |    72 |   169 |   489 |   677 |       ||  1407
         Unarmed           |       |       |     3 |       |       |       ||     3
         Broad axe         |       |       |       |       |   226 |   325 ||   551
  Throw: Stone             |       |       |    10 |    10 |    11 |       ||    31
         Javelin           |       |       |       |       |    17 |     2 ||    19
 Invoke: Trog's Hand       |       |     5 |    12 |    23 |    38 |    13 ||    91
         Berserk           |       |     3 |    10 |    16 |    21 |     9 ||    59
         Brothers in Arms  |       |       |       |       |     1 |     1 ||     2
  Evoke: Wand              |       |       |       |     1 |       |       ||     1
    Use: Scroll            |       |     7 |     8 |    20 |     4 |     5 ||    44
         Potion            |       |       |       |     3 |     1 |     1 ||     5
   Stab: Distracted        |       |       |       |     1 |       |       ||     1
 Armour: Ring mail         |    18 |    12 |       |       |       |       ||    30
         Chain mail        |       |    27 |    77 |    52 |   213 |       ||   369
         Skin              |       |       |     2 |       |       |       ||     2
         Plate armour      |       |       |       |   196 |   177 |    46 ||   419
         Crystal plate arm |       |       |       |       |       |    77 ||    77
  Dodge: Dodged            |    22 |    59 |    57 |    93 |   181 |    40 ||   452
  Block: Tower shield      |       |       |     3 |   414 |   834 |   438 ||  1689
         Reflection        |       |       |       |       |       |    29 ||    29

Table legend: (Time is in decaauts)
 A = Elapsed time spent in this place.
 B = Non-inter-level travel time spent in this place.
 C = Inter-level travel time spent in this place.
 D = Time resting spent in this place.
 E = Time spent auto-exploring this place.
 F = Levels seen in this place.
 G = Mean time per level.
                   A        B        C        D        E       F      G
               +--------+--------+--------+--------+--------+-----+--------+
         Total |  30776 |  28206 |   2570 |    814 |  22380 |  27 | 1139.9 |
       Dungeon |  20885 |  18900 |   1985 |    320 |  15763 |  15 | 1392.3 |
        Temple |    210 |    127 |     83 |      0 |    111 |   1 |  210.0 |
          Lair |   5723 |   5407 |    316 |    351 |   3946 |   5 | 1144.6 |
     Snake Pit |   1020 |    999 |     21 |     26 |    699 |   2 |  510.0 |
  Orcish Mines |   1513 |   1349 |    164 |     21 |    980 |   2 |  756.5 |
        Bailey |    350 |    350 |      0 |      0 |    155 |   1 |  350.0 |
      Ice Cave |   1073 |   1073 |      0 |     94 |    724 |   1 | 1073.0 |
               +--------+--------+--------+--------+--------+-----+--------+

Top non-repeatable levels by time:
    D:10: 2041 daAuts
     D:8: 1938 daAuts
     D:5: 1833 daAuts
  Lair:5: 1798 daAuts
    D:11: 1759 daAuts
     D:4: 1674 daAuts
    D:12: 1598 daAuts
     D:9: 1506 daAuts
     D:7: 1231 daAuts
     D:1: 1204 daAuts
     D:3: 1186 daAuts
     D:2: 1165 daAuts
  Lair:3: 1161 daAuts
   IceCv: 1073 daAuts
   Orc:2: 1068 daAuts
